TOP OF THE 1ST |
Gainesville Guidos batting - Pitching for BlackIron Dragons : RHP Fernando Mendoza
|
Pitching: RHP Fernando Mendoza
|
|
Batting: RHB Adrian Prouse
|
0-0: Ball 1-0: Called Strike 1-1: Foul Ball, location: 2F 1-2: Strikes out looking
|
Batting: RHB Victor Andrews
|
0-0: Ball 1-0: Called Strike 1-1: SINGLE (Line Drive, 7S)
|
Batting: LHB Sergio Barrón
|
0-0: Foul Ball, location: 2F 0-1: Ball 1-1: SINGLE (Line Drive, 78S) Victor Andrews to second
|
Batting: RHB José Fernández
|
0-0: Foul Ball, location: 2F 0-1: Ball 1-1: Foul Ball, location: 2F 1-2: Ball 2-2: Grounds into double play, 1-6-3 (Groundball, 13S)
|
Top of the 1st over - 0 run(s), 2 hit(s), 0 error(s), 1 left on base; Gainesville 0 - BlackIron 0 |
BOTTOM OF THE 1ST |
BlackIron Dragons batting - Pitching for Gainesville Guidos : RHP Pat Wright
|
Pitching: RHP Pat Wright
|
|
Batting: RHB Dallas Blair
|
0-0: Called Strike 0-1: Foul Ball, location: 2F 0-2: Ball 1-2: Ball 2-2: Strikes out swinging
|
Batting: RHB Edgardo Carrasco
|
0-0: Ball 1-0: Ball 2-0: Foul Ball, location: 2F 2-1: Foul Ball, location: 2F 2-2: Ball 3-2: Fly out, F7 (Flyball, 7LM)
|
Batting: RHB Robert Buckley
|
0-0: Fly out, F7 (Flyball, 7S)
|
Bottom of the 1st over - 0 run(s), 0 hit(s), 0 error(s), 0 left on base; Gainesville 0 - BlackIron 0 |
TOP OF THE 2ND |
Gainesville Guidos batting - Pitching for BlackIron Dragons : RHP Fernando Mendoza
|
Batting: LHB Ed Hart
|
0-0: Ball 1-0: SINGLE (Line Drive, 6MD)
|
Batting: RHB Jason Saunders
|
0-0: Foul Ball, location: 2F 0-1: Called Strike 0-2: Fly out, F7 (Line Drive, 7M)
|
Batting: RHB Noriyori Ine
|
0-0: SINGLE (Line Drive, 56D) Ed Hart to second
|
Batting: LHB Mark Owens
|
0-0: Called Strike 0-1: Ball 1-1: Swinging Strike 1-2: Strikes out looking
|
Batting: RHB Pedro Mata
|
0-0: Called Strike 0-1: Ball 1-1: Foul Ball, location: 2F 1-2: Ground out 6-3 (Groundball, 6)
|
Top of the 2nd over - 0 run(s), 2 hit(s), 0 error(s), 2 left on base; Gainesville 0 - BlackIron 0 |
BOTTOM OF THE 2ND |
BlackIron Dragons batting - Pitching for Gainesville Guidos : RHP Pat Wright
|
Batting: RHB Jonah Duncan
|
0-0: DOUBLE (Line Drive, 7LS)
|
Batting: RHB Leroy Jamison
|
0-0: SINGLE (Flyball, 78S) Jonah Duncan to third
|
Batting: RHB José Colón
|
0-0: Ball 1-0: Ball 2-0: Grounds into double play, 5-4-3 (Groundball, 5) Jonah Duncan scores
|
Batting: RHB Ed Sims
|
0-0: Fly out, F8 (Flyball, 8RXD)
|
Bottom of the 2nd over - 1 run(s), 2 hit(s), 0 error(s), 0 left on base; Gainesville 0 - BlackIron 1 |
TOP OF THE 3RD |
Gainesville Guidos batting - Pitching for BlackIron Dragons : RHP Fernando Mendoza
|
Batting: RHB Adrian Prouse
|
0-0: Ball 1-0: Called Strike 1-1: Ball 2-1: Foul Ball, location: 2F 2-2: Ball 3-2: Base on Balls
|
Batting: RHB Victor Andrews
|
0-0: Called Strike Adrian Prouse steals 2nd base 0-1: Ball Wild Pitch! Adrian Prouse to third 1-1: Ground out 5-3 (Groundball, 5L)
|
Batting: LHB Sergio Barrón
|
0-0: Ball 1-0: Called Strike 1-1: Called Strike 1-2: Ball 2-2: Foul Ball, location: 2F 2-2: Foul Ball, location: 2F 2-2: Strikes out looking
|
Batting: RHB José Fernández
|
0-0: Ball 1-0: Foul Ball, location: 2F 1-1: Ball 2-1: Foul Ball, location: 2F 2-2: Ball 3-2: Reached on error, E5 (Groundball, 56) Adrian Prouse scores
|
Batting: LHB Ed Hart
|
0-0: Ball 1-0: Called Strike 1-1: Ball 2-1: Called Strike 2-2: Ball 3-2: DOUBLE (Flyball, 7D) José Fernández to third José Fernández scores
|
Batting: RHB Jason Saunders
|
0-0: Ball 1-0: Called Strike 1-1: Ball 2-1: Ball 3-1: Base on Balls
|
Batting: RHB Noriyori Ine
|
0-0: Called Strike 0-1: Swinging Strike 0-2: Ball 1-2: Ball 2-2: 3-RUN HOME RUN (Flyball, 78XD), Distance : 412 ft
|
Batting: LHB Mark Owens
|
0-0: Ground out 4-3 (Groundball, 34)
|
Top of the 3rd over - 5 run(s), 2 hit(s), 1 error(s), 0 left on base; Gainesville 5 - BlackIron 1 |
BOTTOM OF THE 3RD |
BlackIron Dragons batting - Pitching for Gainesville Guidos : RHP Pat Wright
|
Batting: RHB Joaquín Rosales
|
0-0: Ball 1-0: Fly out, F8 (Flyball, 78M)
|
Batting: RHB Boyd Pittman
|
0-0: Foul Ball, location: 2F 0-1: Ball 1-1: DOUBLE (Line Drive, 9LM)
|
Batting: RHB Dallas Blair
|
0-0: Fly out, F8 (Flyball, 8RS)
|
Batting: RHB Edgardo Carrasco
|
0-0: SINGLE (Groundball, 5L) Boyd Pittman to third Runner from 3rd tries for Home, SAFE, no throw or cutoff
|
Batting: RHB Robert Buckley
|
0-0: Ball 1-0: Ball 2-0: Called Strike 2-1: Fly out, F8 (Line Drive, 8RM)
|
Bottom of the 3rd over - 1 run(s), 2 hit(s), 0 error(s), 1 left on base; Gainesville 5 - BlackIron 2 |
TOP OF THE 4TH |
Gainesville Guidos batting - Pitching for BlackIron Dragons : RHP Fernando Mendoza
|
Batting: RHB Pedro Mata
|
0-0: Called Strike 0-1: Fly out, F9 (Flyball, 89S)
|
Batting: RHB Adrian Prouse
|
0-0: Ball 1-0: Called Strike 1-1: Ball 2-1: Ball 3-1: Called Strike 3-2: Base on Balls
|
Batting: RHB Victor Andrews
|
0-0: Ball 1-0: 2-RUN HOME RUN (Flyball, 8RXD), Distance : 432 ft
|
Batting: LHB Sergio Barrón
|
0-0: Foul Ball, location: 2F 0-1: Called Strike 0-2: Ball 1-2: Strikes out swinging
|
Batting: RHB José Fernández
|
0-0: Foul Ball, location: 2F 0-1: Ball 1-1: Hit by Pitch
|
Batting: LHB Ed Hart
|
0-0: Ball 1-0: SINGLE (Flyball, 89S) José Fernández to second
|
Batting: RHB Jason Saunders
|
0-0: Ground out 4-3 (Groundball, 4)
|
Top of the 4th over - 2 run(s), 2 hit(s), 0 error(s), 2 left on base; Gainesville 7 - BlackIron 2 |
BOTTOM OF THE 4TH |
BlackIron Dragons batting - Pitching for Gainesville Guidos : RHP Pat Wright
|
Batting: RHB Jonah Duncan
|
0-0: Ball 1-0: Fly out, F7 (Flyball, 7D)
|
Batting: RHB Leroy Jamison
|
0-0: Ball 1-0: Called Strike 1-1: Ball 2-1: Swinging Strike 2-2: Strikes out looking
|
Batting: RHB José Colón
|
0-0: Foul Ball, location: 2F 0-1: Foul Ball, location: 2F 0-2: Ball 1-2: Strikes out swinging
|
Bottom of the 4th over - 0 run(s), 0 hit(s), 0 error(s), 0 left on base; Gainesville 7 - BlackIron 2 |
TOP OF THE 5TH |
Gainesville Guidos batting - Pitching for BlackIron Dragons : RHP Fernando Mendoza
|
Batting: RHB Noriyori Ine
|
0-0: Foul Ball, location: 2F 0-1: Fly out, F5 (Popup, 56)
|
Batting: LHB Mark Owens
|
0-0: Foul Ball, location: 2F 0-1: Foul Ball, location: 2F 0-2: Fly out, F6 (Popup, 6MS)
|
Batting: RHB Pedro Mata
|
0-0: Ball 1-0: Ground out 5-3 (Groundball, 56)
|
Top of the 5th over - 0 run(s), 0 hit(s), 0 error(s), 0 left on base; Gainesville 7 - BlackIron 2 |
BOTTOM OF THE 5TH |
BlackIron Dragons batting - Pitching for Gainesville Guidos : RHP Pat Wright
|
Batting: RHB Ed Sims
|
0-0: Called Strike 0-1: Ball 1-1: SINGLE (Flyball, 9LS)
|
Batting: RHB Joaquín Rosales
|
0-0: Grounds into double play, 6-4-3 (Groundball, 6)
|
Batting: RHB Boyd Pittman
|
0-0: Ball 1-0: Swinging Strike 1-1: Foul Ball, location: 2F 1-2: Ball 2-2: Hit by Pitch
|
Batting: RHB Dallas Blair
|
0-0: Called Strike 0-1: Ball 1-1: Foul Ball, location: 2F 1-2: Strikes out swinging
|
Bottom of the 5th over - 0 run(s), 1 hit(s), 0 error(s), 1 left on base; Gainesville 7 - BlackIron 2 |
TOP OF THE 6TH |
Gainesville Guidos batting - Pitching for BlackIron Dragons : RHP Fernando Mendoza
|
Pitching: RHP Simón Amejorado
|
|
Batting: RHB Adrian Prouse
|
0-0: Ball 1-0: Ball 2-0: Foul Ball, location: 2F 2-1: Ball 3-1: Base on Balls
|
Batting: RHB Victor Andrews
|
0-0: Swinging Strike 0-1: Ball 1-1: Fly out, F7 (Line Drive, 7M)
|
Batting: LHB Sergio Barrón
|
0-0: Ball Adrian Prouse steals 2nd base 1-0: Called Strike 1-1: Ball 2-1: Foul Ball, location: 2F 2-2: Strikes out swinging
|
Batting: RHB José Fernández
|
0-0: Ball 1-0: SINGLE (Line Drive, 8LS) Adrian Prouse to third Runner from 3rd tries for Home, SAFE, no throw or cutoff
|
Batting: LHB Ed Hart
|
0-0: Swinging Strike 0-1: Swinging Strike 0-2: Ball 1-2: Ball 2-2: Strikes out swinging
|
Top of the 6th over - 1 run(s), 1 hit(s), 0 error(s), 1 left on base; Gainesville 8 - BlackIron 2 |
BOTTOM OF THE 6TH |
BlackIron Dragons batting - Pitching for Gainesville Guidos : RHP Pat Wright
|
Batting: RHB Edgardo Carrasco
|
0-0: Fly out, F9 (Flyball, 9D)
|
Batting: RHB Robert Buckley
|
0-0: Ground out 4-3 (Groundball, 4)
|
Batting: RHB Jonah Duncan
|
0-0: Ball 1-0: Called Strike 1-1: Foul Ball, location: 2F 1-2: Fly out, F9 (Popup, 3D)
|
Bottom of the 6th over - 0 run(s), 0 hit(s), 0 error(s), 0 left on base; Gainesville 8 - BlackIron 2 |
TOP OF THE 7TH |
Gainesville Guidos batting - Pitching for BlackIron Dragons : RHP Simón Amejorado
|
Batting: RHB Jason Saunders
|
0-0: Called Strike 0-1: Ball 1-1: Ball 2-1: Ball 3-1: Base on Balls
|
Batting: RHB Noriyori Ine
|
0-0: Bunted foul 0-1: Ball 1-1: Bunted foul 1-2: Ball 2-2: Ball 3-2: Foul Ball, location: 2F 3-2: Base on Balls Jason Saunders to second
|
Batting: LHB Mark Owens
|
0-0: Ball Jason Saunders is caught stealing 3rd base Noriyori Ine to second 1-0: Ball 2-0: Ball 3-0: Base on Balls
|
Batting: RHB Pedro Mata
|
0-0: Ball Throwing error on steal attempt, E2 Noriyori Ine scores Mark Owens to third 1-0: Foul Ball, location: 2F 1-1: SINGLE (Line Drive, 6M) Mark Owens scores
|
Batting: RHB Adrian Prouse
|
0-0: Called Strike 0-1: Swinging Strike 0-2: Ball 1-2: Ball 2-2: Ball 3-2: Base on Balls Pedro Mata to second
|
Batting: RHB Victor Andrews
|
0-0: Called Strike 0-1: Grounds into double play, U5-3 (Groundball, 5L)
|
Top of the 7th over - 2 run(s), 1 hit(s), 1 error(s), 1 left on base; Gainesville 10 - BlackIron 2 |
BOTTOM OF THE 7TH |
BlackIron Dragons batting - Pitching for Gainesville Guidos : RHP Pat Wright
|
Batting: RHB Leroy Jamison
|
0-0: Called Strike 0-1: Ground out 6-3 (Groundball, 6)
|
Batting: RHB José Colón
|
0-0: Ball 1-0: Foul Ball, location: 2F 1-1: Ground out 4-3 (Groundball, 4)
|
Batting: RHB Ed Sims
|
0-0: Ball 1-0: Called Strike 1-1: Called Strike 1-2: Strikes out swinging
|
Bottom of the 7th over - 0 run(s), 0 hit(s), 0 error(s), 0 left on base; Gainesville 10 - BlackIron 2 |
TOP OF THE 8TH |
Gainesville Guidos batting - Pitching for BlackIron Dragons : RHP Simón Amejorado
|
Pitching: LHP Manny Luján
|
|
Batting: LHB Sergio Barrón
|
0-0: Ball 1-0: Foul Ball, location: 2F 1-1: SOLO HOME RUN (Flyball, 9LD), Distance : 399 ft
|
Batting: RHB José Fernández
|
0-0: Ball 1-0: Foul Ball, location: 2F 1-1: Foul Ball, location: 2F 1-2: Foul Ball, location: 2F 1-2: Ball 2-2: Ball 3-2: Base on Balls
|
Batting: LHB Ed Hart
|
0-0: Ball 1-0: Swinging Strike 1-1: Ball 2-1: Ball 3-1: Foul Ball, location: 2F 3-2: Strikes out looking
|
Batting: RHB Jason Saunders
|
0-0: Ball 1-0: Ball 2-0: Ball 3-0: Base on Balls José Fernández to second
|
Batting: RHB Noriyori Ine
|
0-0: Called Strike 0-1: Ball 1-1: Ball 2-1: Ball 3-1: Swinging Strike 3-2: Strikes out looking
|
Batting: LHB Mark Owens
|
0-0: Called Strike 0-1: Foul Ball, location: 2F 0-2: Strikes out looking
|
Top of the 8th over - 1 run(s), 1 hit(s), 0 error(s), 2 left on base; Gainesville 11 - BlackIron 2 |
BOTTOM OF THE 8TH |
BlackIron Dragons batting - Pitching for Gainesville Guidos : RHP Pat Wright
|
Now at 3B: Fernando Mendoza
|
|
Batting: RHB Joaquín Rosales
|
0-0: Foul Ball, location: 2F 0-1: Foul Ball, location: 2F 0-2: Strikes out swinging
|
Batting: RHB Boyd Pittman
|
0-0: Swinging Strike 0-1: Foul Ball, location: 2F 0-2: Ground out U3 (Groundball, 3S)
|
Batting: RHB Dallas Blair
|
0-0: Ball 1-0: Called Strike 1-1: Ball 2-1: Fly out, F7 (Line Drive, 78M)
|
Bottom of the 8th over - 0 run(s), 0 hit(s), 0 error(s), 0 left on base; Gainesville 11 - BlackIron 2 |
TOP OF THE 9TH |
Gainesville Guidos batting - Pitching for BlackIron Dragons : LHP Manny Luján
|
Batting: RHB Pedro Mata
|
0-0: Called Strike 0-1: Ball 1-1: SINGLE (Line Drive, 6MD)
|
Batting: RHB Adrian Prouse
|
0-0: Ball 1-0: Ball 2-0: Ball 3-0: Grounds into double play, U4-3 (Groundball, 4)
|
Batting: RHB Victor Andrews
|
0-0: Ball 1-0: Foul Ball, location: 2F 1-1: Fly out, F8 (Flyball, 8RM)
|
Top of the 9th over - 0 run(s), 1 hit(s), 0 error(s), 0 left on base; Gainesville 11 - BlackIron 2 |
BOTTOM OF THE 9TH |
BlackIron Dragons batting - Pitching for Gainesville Guidos : RHP Pat Wright
|
Now in CF: Reynaldo Gallegos
|
|
Now in RF: António Hernández
|
|
Batting: RHB Edgardo Carrasco
|
0-0: Called Strike 0-1: Ball 1-1: Ball 2-1: Foul Ball, location: 2F 2-2: Ball 3-2: Fly out, F2 (Popup, 2LF)
|
Batting: RHB Robert Buckley
|
0-0: Ball 1-0: Ball 2-0: Swinging Strike 2-1: Ball 3-1: Called Strike 3-2: Ground out 5-3 (Groundball, 56)
|
Batting: RHB Jonah Duncan
|
0-0: Ball 1-0: Ball 2-0: Ball 3-0: Called Strike 3-1: Base on Balls
|
Pitching: RHP Juan Patino
|
|
Batting: RHB Leroy Jamison
|
0-0: Ball 1-0: Called Strike 1-1: Foul Ball, location: 2F 1-2: Strikes out swinging
|
Bottom of the 9th over - 0 run(s), 0 hit(s), 0 error(s), 1 left on base; Gainesville 11 - BlackIron 2 |
|